Match 35164839
Unlisted

Match 35164839
End
Selects Luftwaffe Battlegroup
Selects Luftwaffe Pioneer Support
Fallschirmpioneer Squad Paradrop
Construct Infanterie Kompanie
MG 42 Machine Gun Team
Grenadier Squad
Selects Flak 38 Anti-Air Emplacement
Fallschirmpioneer Squad Paradrop
MG 42 Bunker
Construct Luftwaffe Kompanie
Medical Station
Selects Flak 36 Anti-tank Gun Emplacement
Selects Flak 36 Anti-tank Gun Emplacement
Support Elements
Selects Stuka Strafing Run
Stuka Strafing Run
Construct Panzergrenadier Kompanie
Selects Fallschirmjäger Squad Paradrop
Fallschirmjäger Squad Paradrop
Fallschirmjäger Squad Paradrop
251 Medium Carrier
Pak 40 Anti-tank Gun Team
Nebelwerfer 42 Rocket Launcher Team
robshadow
Keyleath
s73r01d
mikyang19
CPU - Expert
CPU - Expert
CPU - Expert
CPU - Expert
0
0

Comments sign in to comment!

No comments posted yet!